 Dungeon Crawl Stone Soup version 0.26-b1-32-g5d43845 (webtiles) character file.

Game seed: 10472042261559401098

25052 bonscott the Martial Artist (level 12, -3/77 HPs)
             Began as a Vampire Brigand on Jan 6, 2021.
             Was a Believer of Makhleb.
             Slain by a seven-headed hydra (4 damage)
             ... on level 10 of the Dungeon on Jan 7, 2021.
             The game lasted 02:41:36 (33571 turns).

bonscott the Martial Artist (Vampire Brigand)      Turns: 33571, Time: 02:41:36

Health: -3/77      AC: 11    Str: 14    XL:     12   Next: 86%
Magic:  0/18       EV: 12    Int: 15    God:    Makhleb [**....]
Gold:   628        SH: 11    Dex: 15    Spells: 11/11 levels left

rFire    + . .     SeeInvis +   a - +3 dagger (venom)
rCold    + + .     Faith    .   S - +2 kite shield {reflect}
rNeg     + + +     Spirit   +   R - +3 leather armour {Will+}
rPois    ∞         Reflect  +   V - +0 hat of Impatience {rCorr}
rElec    .         Harm     .   c - +0 cloak
rCorr    +         Rampage  .   n - +0 pair of gloves
Will     +++..                  z - +1 pair of boots
Stlth    +++++.....             r - amulet of guardian spirit
HPRegen  0.00/turn              J - ring of willpower
MPRegen  0.16/turn              W - ring of protection from fire

@: bloodless
A: fangs 3, see invisible, unbreathing
a: Bat Form, Revivify, Renounce Religion, Minor Destruction


You were on level 10 of the Dungeon.
You worshipped Makhleb.
Makhleb was pleased with you.
You visited 4 branches of the dungeon, and saw 16 of its levels.
You also visited: Bailey.

You collected 1812 gold pieces.
You spent 1184 gold pieces at shops.

Inventory:

Hand Weapons
 a - a +3 dagger of venom (weapon)
 d - a +2 vampiric war axe
 P - a +4 scimitar
 U - a +5 trident
Missiles
 e - 2 poisoned darts
 g - a curare-tipped dart
 p - 117 sling bullets
 s - 57 boomerangs (quivered)
 F - 249 stones
Armour
 c - a +0 cloak (worn)
 n - a +0 pair of gloves (worn)
 z - a +1 pair of boots (worn)
 R - a +3 leather armour of willpower (worn)
 S - a +2 kite shield of reflection (worn)
 V - the +0 hat of Impatience (worn) {rCorr}
   (You found it on level 11 of the Dungeon)

   It provides partial protection from all sources of acid and corrosion.
Jewellery
 j - an uncursed amulet of regeneration {unknown}
 r - an amulet of guardian spirit (around neck)
 t - a +6 ring of intelligence
 G - an uncursed ring of protection from cold
 J - a ring of willpower (left hand)
 W - a ring of protection from fire (right hand)
Scrolls
 b - a scroll of magic mapping {unknown}
 f - 5 scrolls of teleportation
 i - 2 scrolls of identify
 m - 3 scrolls of immolation
 q - a scroll of amnesia
 y - 3 scrolls of enchant weapon
 A - a scroll of fear
 B - 5 scrolls of remove curse
 C - 2 scrolls of fog
 K - a scroll of enchant armour {unknown}
 Q - a scroll of holy word {unknown}
 T - a scroll of vulnerability {unknown}
 X - a scroll of blinking
Potions
 h - a potion of heal wounds
 k - 5 potions of curing
 l - a potion of haste
 u - a potion of magic {unknown}
 D - 4 potions of flight
 E - a potion of ambrosia {unknown}
 H - a potion of might
 I - a potion of berserk rage {unknown}
 M - 2 potions of resistance
 O - 3 potions of brilliance {unknown}


   Skills:
 + Level 9.7 Fighting
 - Level 2.1 Short Blades
 + Level 4.8 Throwing
 - Level 7.2 Armour
 - Level 4.2 Dodging
 - Level 5.8 Stealth
 + Level 4.9 Shields
 + Level 11.1 Unarmed Combat
 + Level 8.8 Invocations
 - Level 5.0 Evocations


You had 11 spell levels left.
You didn't know any spells.
Your spell library was empty.

Dungeon Overview and Level Annotations

Branches:
Dungeon (12/15)            Temple (1/1) D:5            Lair (1/6) D:8
    Orc (2/2) D:10            Elf (0/3) Orc:2        Bailey (visited)

Altars:
Ashenzari
Dithmenos
Elyvilon
Fedhas
Gozag
Hepliaklqana
Kikubaaqudgha
Makhleb
Okawaru
Qazlal
Ru
Sif Muna
Trog
Uskayaw
Vehumet
Wu Jian
Xom
Yredelemnul
The Shining One
Beogh

Shops:
D:4 *   Orc:2 ??=:

Annotations:
D:4 Menkaure
D:6 Pikel
D:7 Goucsema's ghost, novice FoHu
D:10 2 transporters, Jatjacob's ghost, journeyman MiBe


Innate Abilities, Weirdness & Mutations

You do not regenerate when monsters are visible.
You are frail without blood (-20% HP).
You can heal yourself when you bite living creatures.
You are immune to poison.
You have razor-sharp teeth.
You have supernaturally acute eyesight. (SInv)
You can survive without breathing.


Message History

* * * LOW HITPOINT WARNING * * *
You block the seven-headed hydra's attack.
The seven-headed hydra bites you but does no damage.
You see here a +0 chain mail.
Things that are here:
a +0 plate armour; a +0 hand axe You see here a +0 chain mail.
You see here a cursed -1 falchion.
There is a stone staircase leading down here.
The seven-headed hydra bites you!
* * * LOW HITPOINT WARNING * * *
The seven-headed hydra bites you!
* * * LOW HITPOINT WARNING * * *
The seven-headed hydra bites you!
* * * LOW HITPOINT WARNING * * *
The seven-headed hydra bites you.
* * * LOW HITPOINT WARNING * * *
You block the seven-headed hydra's attack.
The seven-headed hydra bites you.
You die...

####################
#..................#
#..................#
.......[...........#
...................#
....).....<........#
...[...[...[.......#
)....#######...D@[.#
<[[..# #...)...#
.....# #.......#
.....# #....####
.....# #....# .....#
#....####### .....#
#..........# .....#
#..........# .....#
#......)...#


You could see a seven-headed hydra.

Vanquished Creatures
  An orc warlord (Orc:1)
  A hydra (Lair:1)
  2 two-headed ogres (D:9)
  2 orc high priests (Orc:1)
  Nergalle (Lair:1)
  An orc knight (D:11)
  4 orc sorcerers
  A manticore (D:9)
  A kobold demonologist (D:10)
  A troll (D:11)
  A meliai (D:11)
  A hornet (D:10)
  2 shadows
  A vampire (D:10)
  14 yaks
  4 wyverns
  Eustachio (D:6)
  A vampire mosquito (D:11)
  2 basilisks (D:8)
  4 water moccasins
  4 wargs (Orc:2)
  6 black bears
  35 orc warriors
  An ice beast (D:9)
  A necrophage (D:6)
  2 phantoms
  6 sky beasts
  6 ogres
  7 centaurs
  A lemure (D:6)
  7 bullfrogs
  6 scorpions
  17 killer bees
  15 wights
  A quasit (D:9)
  A centaur skeleton (D:10)
  3 bullfrog zombies
  7 hounds
  A jelly (D:9)
  14 orc wizards
  3 bullfrog skeletons
  Terence (D:2)
  19 orc priests
  Jessica (D:2)
  4 iguanas
  9 worker ants
  A killer bee zombie (D:8)
  A hound zombie (D:8)
  A hound skeleton (D:3)
  A howler monkey zombie (D:8)
  A worker ant zombie (D:6)
  9 gnolls
  6 adders
  3 shadow imps
  7 white imps
  6 ufetubi
  3 oozes
  An adder zombie (D:6)
  2 dart slugs
  5 leopard geckos
  106 orcs
  A ball python (D:2)
  6 bats
  3 giant cockroaches
  6 goblins
  10 hobgoblins
  7 jackals
  19 kobolds
  9 quokkas
  7 frilled lizards
  A jackal skeleton (D:4)
  A leopard gecko zombie (D:8)
  4 rats
451 creatures vanquished.

Vanquished Creatures (collateral kills)
  An orc warlord (D:10)
  2 centaur warriors (D:11)
  An orc high priest (Orc:2)
  5 orc knights
  Psyche (D:11)
  A warg (Orc:1)
  2 orc warriors
  An orc priest (D:10)
  An orc wizard (Orc:2)
  An orc (D:10)
16 creatures vanquished.

Vanquished Creatures (others)
  A troll (D:11)
  A yak (D:11)
  An orc warrior (D:11)
  2 orc wizards (D:11)
  4 orcs (D:11)
  9 fungi
  22 plants
  2 withered plants (D:8)
42 creatures vanquished.

Grand Total: 509 creatures vanquished

Notes
Turn   | Place    | Note
-------+----------+-------------------------------------------
     0 | D:1      | bonscott the Vampire Brigand began the quest for the Orb.
     0 | D:1      | Reached XP level 1. HP: 16/16 MP: 1/1
   240 | D:1      | Reached XP level 2. HP: 22/22 MP: 2/2
   459 | D:1      | Reached skill level 1 in Unarmed Combat
   845 | D:2      | Reached XP level 3. HP: 27/27 MP: 3/3
   858 | D:2      | Noticed Jessica
   880 | D:2      | Killed Jessica
   881 | D:2      | Reached skill level 1 in Armour
   889 | D:2      | Reached XP level 4. HP: 27/33 MP: 4/4
   970 | D:2      | Noticed Terence
  1270 | D:2      | Killed Terence
  1271 | D:2      | Reached skill level 2 in Unarmed Combat
  1589 | D:2      | Reached XP level 5. HP: 31/31 MP: 5/5
  1804 | D:3      | Found a faded altar of an unknown god.
  2504 | D:4      | Noticed Menkaure
  2507 | D:4      | Noticed an ogre
  2585 | D:4      | Found Suckoam's Assorted Antiques.
  2722 | D:4      | Found a shimmering altar of Xom.
  2722 | D:4      | Found a shimmering altar of Xom.
  2738 | D:4      | Reached XP level 6. HP: 34/37 MP: 6/6
  2742 | D:4      | Found a shimmering altar of Xom.
  2748 | D:4      | Found a shimmering altar of Xom.
  2770 | D:4      | Found a shimmering altar of Xom.
  2931 | D:4      | Found a white marble altar of Elyvilon.
  3807 | D:3      | Reached skill level 3 in Unarmed Combat
  4063 | D:4      | Reached XP level 7. HP: 39/41 MP: 7/7
  4151 | D:5      | Entered Level 5 of the Dungeon
  4268 | D:5      | Found a staircase to the Ecumenical Temple.
  4289 | Temple   | Entered the Ecumenical Temple
  4353 | Temple   | Became a worshipper of Makhleb the Destroyer
  5189 | D:6      | Reached skill level 4 in Unarmed Combat
  5610 | D:6      | Reached skill level 1 in Evocations
  5691 | D:6      | Reached XP level 8. HP: 43/48 MP: 8/8
  5829 | D:6      | Noticed Eustachio
  5837 | D:6      | Killed Eustachio
  5838 | D:6      | Reached skill level 1 in Invocations
  5994 | D:6      | Noticed Pikel
  7087 | D:7      | Found a flagged portal.
  7094 | D:7      | Reached * piety under Makhleb
  7183 | Bailey   | Entered a bailey
  7207 | Bailey   | Noticed an orc warlord
  7401 | Bailey   | Found a runed translucent gate.
  7401 | Bailey   | Found a runed translucent gate.
  7401 | Bailey   | Found a runed translucent gate.
  7449 | Bailey   | Reached skill level 5 in Unarmed Combat
  8844 | D:7      | Reached XP level 9. HP: 51/53 MP: 10/10
  9077 | D:7      | Reached ** piety under Makhleb
  9262 | D:7      | Reached skill level 5 in Fighting
  9684 | D:7      | Found an opulent altar of Gozag.
  9688 | D:7      | Found a radiant altar of Vehumet.
  9689 | D:7      | Found an ancient bone altar of Kikubaaqudgha.
  9696 | D:7      | Found an iron altar of Okawaru.
  9696 | D:7      | Found a glowing golden altar of the Shining One.
 10263 | D:8      | Reached skill level 6 in Unarmed Combat
 11383 | D:8      | Reached skill level 5 in Armour
 11396 | D:8      | Reached XP level 10. HP: 30/60 MP: 13/13
 11542 | D:8      | Found a staircase to the Lair.
 11831 | D:8      | Reached skill level 7 in Unarmed Combat
 12037 | D:9      | Noticed a manticore
 12044 | D:9      | Killed a manticore
 12054 | D:9      | Reached *** piety under Makhleb
 12361 | D:9      | You fall into a shaft and drop 2 floors!
 12370 | D:11     | Noticed an unseen horror
 12378 | D:12     | Noticed a manticore
 12378 | D:12     | Noticed a death knight
 12378 | D:12     | Noticed an orc knight
 12378 | D:12     | Noticed a centaur warrior
 12378 | D:12     | Noticed a centaur warrior
 12390 | D:10     | Entered Level 10 of the Dungeon
 12469 | D:11     | Noticed a two-headed ogre
 12487 | D:11     | Found a runed translucent gate.
 12487 | D:11     | Noticed Goucsema's ghost (novice FoHu)
 12488 | D:11     | Found a runed translucent gate.
 12489 | D:11     | Found a runed translucent gate.
 12578 | D:10     | Found a basalt altar of Yredelemnul.
 12928 | D:9      | Found a shadowy altar of Dithmenos.
 13037 | D:9      | Reached skill level 5 in Evocations
 13052 | D:9      | Reached skill level 5 in Invocations
 13199 | D:9      | Noticed a two-headed ogre
 14024 | D:8      | Reached **** piety under Makhleb
 14115 | D:9      | Killed a two-headed ogre
 14116 | D:9      | Reached skill level 8 in Unarmed Combat
 14206 | D:10     | Found a transporter.
 14206 | D:10     | Found a transporter.
 14214 | D:10     | Noticed Jatjacob's ghost (journeyman MiBe)
 14359 | D:10     | Reached XP level 11. HP: 42/67 MP: 15/15
 14493 | D:10     | Got a brightly glowing chain mail
 14654 | D:10     | Identified the +4 scale mail of the Villain {rPois rCorr
                  | Slay+2}
 14963 | D:10     | Identified the +3 chain mail "Gerraext" {Stlth+} (You found
                  | it on level 10 of the Dungeon)
 15054 | D:10     | Found a staircase to the Orcish Mines.
 15599 | D:10     | Reached ***** piety under Makhleb
 16271 | Lair:1   | Entered Level 1 of the Lair of Beasts
 16271 | Lair:1   | Noticed a four-headed hydra
 16279 | Lair:1   | Killed a four-headed hydra
 16351 | Lair:1   | Noticed Nergalle
 16365 | Lair:1   | Killed Nergalle
 16463 | Lair:1   | Noticed a seven-headed hydra
 17148 | D:10     | Reached skill level 9 in Unarmed Combat
 18299 | D:9      | Killed a two-headed ogre
 18737 | D:11     | Found a roughly hewn altar of Beogh.
 20111 | D:11     | Got a jewelled hat
 20116 | D:11     | Identified the +0 hat of Impatience {rCorr} (You found it
                  | on level 11 of the Dungeon)
 20185 | D:11     | Noticed a sixfirhy
 20367 | D:11     | Noticed a sixfirhy
 20601 | Orc:1    | Entered Level 1 of the Orcish Mines
 20814 | D:10     | Reached skill level 1 in Shields
 20857 | D:12     | Noticed Psyche
 22385 | Orc:2    | Entered Level 2 of the Orcish Mines
 22396 | Orc:2    | Noticed an orc warlord
 22720 | Orc:2    | Noticed an orc warlord
 23176 | Orc:1    | Killed an orc warlord
 23177 | Orc:1    | Reached XP level 12. HP: 55/75 MP: 17/17
 23321 | D:9      | Reached skill level 10 in Unarmed Combat
 23770 | D:10     | Killed an orc warlord
 25923 | Orc:2    | Found a staircase to the Elven Halls.
 26006 | Orc:2    | Noticed an orc high priest
 26047 | Orc:1    | Killed an orc high priest
 26345 | Orc:2    | Noticed an orc high priest
 26611 | Orc:2    | Killed an orc high priest
 27456 | Orc:2    | Noticed an orc high priest
 27487 | Orc:1    | Killed an orc high priest
 28829 | Orc:2    | Found Vukuagirgh's Book Emporium.
 28829 | Orc:2    | Found Susang's Magic Scroll Emporium.
 29418 | Orc:2    | Found Winoasch's Magic Scroll Boutique.
 29424 | Orc:2    | Found Osocsu's Jewellery Boutique.
 30545 | Orc:1    | Reached skill level 11 in Unarmed Combat
 30786 | Orc:2    | Bought an uncursed amulet of guardian spirit for 480 gold
                  | pieces
 30791 | Orc:2    | Bought an uncursed ring of protection from fire for 400
                  | gold pieces
 30791 | Orc:2    | Bought a cursed ring of teleportation for 72 gold pieces
 30805 | Orc:2    | Bought a scroll of blinking for 112 gold pieces
 31468 | Orc:2    | Bought a scroll of teleportation for 45 gold pieces
 31468 | Orc:2    | Bought a scroll of teleportation for 45 gold pieces
 31468 | Orc:2    | Bought a scroll of identify for 30 gold pieces
 31648 | D:12     | Identified the ring "Laecvee" {rPois Stlth-}
 31657 | D:11     | Killed a centaur warrior
 31753 | D:11     | Killed Psyche
 31758 | D:11     | Killed a centaur warrior
 33571 | D:10     | HP: 3/77 [seven-headed hydra (7)]
 33571 | D:10     | HP: 1/77 [seven-headed hydra (2)]
 33571 | D:10     | Slain by a seven-headed hydra

Illustrated notes

Levels and vault maps discovered:
D:1:      dpeg_arrival_tiny_a, layout_loops_ring, minivault_11
D:2:      layout_basic, minivault_25, uniq_jessica, uniq_terence
D:3:      layout_basic, chequers_ecumenical_altar_simple
D:4:      layout_cave_pools, nicolae_overflow_crystal_walls, serial_shops,
          nicolae_shop_overgrown_old_shop, xom_redecorated, uniq_menkaure
D:5:      layout_basic, minmay_temple_entry_proselytizer, enter_ossuary_2
D:6:      layout_loops_corners, serial_co_window_serial, co_window_paths_a,
          co_window_paths_b, co_window_of_opportunity_a, co_window_corner_a,
          co_window_corner_a, co_window_corner_a, co_window_2corner,
          co_window_corner_cb, co_window_cross_4, co_window_broadway_c,
          co_window_2corner, co_window_of_opportunity_c,
          co_window_unsneaky_path_d, glass_columns_a, glass_columns_c,
          uniq_eustachio, uniq_pikel
D:7:      layout_basic, minmay_overflow_temple_star_hex, enter_bailey_7
D:8:      layout_cave_pools, minmay_lair_entry_grove, serial_undead,
          serial_undead_f, serial_undead_d, serial_undead_a, serial_undead_d
D:9:      layout_loops_corners, grunt_dithmenos_shadows
D:10:     layout_irregular_city, hiddenorc1_lemuel, basic_altar,
          gammafunk_ghost_hive
D:11:     layout_cave_pools, biasface_ghost_orc_armoury,
          chequers_serial_rivers_micro_a, st_stairs_1, lemuel_nasty_fountain
D:12:     minmay_ambush_box, layout_loops_ring, uniq_psyche
Temple:   eino_narrow_crystal_temple
Lair:1:   layout_small_grid, grunt_megastairs_5, uniq_nergalle
Orc:1:    layout_caves
Orc:2:    st_orc_elflike, layout_caves

Skill      XL: |  1  2  3  4  5  6  7  8  9 10 11 12 |
---------------+-------------------------------------+-----
Fighting       | 2 3 4 6 7 8 9 |  9.7
Unarmed Combat | 1 2 3 4 5 6 8 9 11 | 11.1
Throwing       | 2 3 4 |  4.8
Armour         | 1 2 3 4 5 6 7 |  7.2
Dodging        | 2 3 4 |  4.2
Evocations     | 1 2 4 5 |  5.0
Invocations    | 2 4 5 7 8 |  8.8
Shields        | 2 4 |  4.9
Short Blades   | |  2.1
Stealth        | |  5.8

Action                   |  1- 3 |  4- 6 |  7- 9 | 10-12 || total
-------------------------+-------+-------+-------+-------++-------
Melee: Dagger            |    68 |   178 |   475 |  1225 ||  1946
       Bite              |     5 |    19 |    56 |   160 ||   240
       Punch             |       |     2 |    12 |    31 ||    45
       Whip              |       |       |    91 |       ||    91
       Unarmed           |       |       |       |    12 ||    12
Throw: Dart              |     3 |    27 |    46 |    43 ||   119
       Stone             |       |    98 |   122 |    31 ||   251
       Boomerang         |       |       |    29 |   298 ||   327
       Throwing net      |       |       |       |     3 ||     3
Invok: Lesser Servant of |       |       |       |    36 ||    36
 Abil: Exsanguinate      |       |     1 |       |       ||     1
Evoke: Wand              |       |       |       |     8 ||     8
  Use: Scroll            |     2 |     3 |     8 |     8 ||    21
       Potion            |       |       |       |     8 ||     8
 Stab: Sleeping          |    10 |     6 |    17 |    16 ||    49
       Distracted        |       |     1 |       |     1 ||     2
Armor: Robe              |    18 |     4 |       |       ||    22
       Scale mail        |       |    83 |   131 |       ||   214
       Leather armour    |       |       |    67 |   407 ||   474
Dodge: Dodged            |    32 |    91 |   339 |   761 ||  1223
Block: Kite shield       |       |       |       |   349 ||   349
       Reflection        |       |       |       |    32 ||    32
